 Dungeon Crawl Stone Soup version 0.31.0-32-g396128a36d (webtiles) character file.

Game seed: 12811709890678313543

43 hawla the Firebug (level 3, -2/19 HPs)
             Began as a Deep Elf Fire Elementalist on Apr 19, 2024.
             Slain by a gnoll
             ... wielding a +0 spear
              (9 damage)
             ... on level 2 of the Dungeon.
             The game lasted 00:02:01 (1037 turns).

hawla the Firebug (Deep Elf Fire Elementalist)      Turns: 1037, Time: 00:02:01

Health: -2/19      AC:  2    Str:  5    XL:     3   Next: 37%
Magic:  2/9        EV: 12    Int: 21    God:
Gold:   80         SH:  0    Dex: 15    Spells: 5/8 levels left

rFire   . . .        g - staff of cold
rCold   + . .        (no shield)
rNeg    . . .        a - +0 robe
rPois   .            (no helmet)
rElec   .            (no cloak)
rCorr   .            (no gloves)
SInv    +            (no boots)
Will    .....        (no amulet)
Stlth   ++           c - ring of see invisible
HPRegen 0.23/turn    (no ring)
MPRegen 0.11/turn

%: no passive effects
@: no status effects
A: no striking features
a: no special abilities


You were on level 2 of the Dungeon.
You visited 1 branch of the dungeon, and saw 2 of its levels.

You collected 80 gold pieces.

Inventory:

Armour
 a - a +0 robe (worn)
Magical Staves
 g - a staff of cold (weapon)
Jewellery
 c - a ring of see invisible (left hand)
Scrolls
 d - a scroll of teleportation {unknown}
 e - 2 scrolls of amnesia {unknown}
Potions
 b - 2 potions of magic
 f - a potion of enlightenment {unknown}


   Skills:
 - Level 2.4 Dodging
 - Level 2.4 Stealth
 - Level 3.0 Spellcasting
 - Level 1.1 Conjurations
 + Level 4.9 Fire Magic


You had 5 spell levels left.
You knew the following spells:

 Your Spells              Type           Power      Damage    Failure   Level
a - Foxfire               Conj/Fire      60%        2x1d7     3%          1
b - Scorch                Fire           48%        2d7       2%          2

Your spell library contained the following spells:

 Spells                   Type           Power      Damage    Failure   Level
 Sting                    Conj/Alch      20%        1d4       11%         1
 Apportation              Tloc           6%         N/A       13%         1
 Necrotise                Necr           12%        1d4       13%         1
 Summon Small Mammal      Summ           12%        N/A       13%         1
 Inner Flame              Hex/Fire       13%        N/A       14%         3
 Volatile Blastmotes      Fire/Tloc      26%        2d12      14%         3
 Flame Wave               Conj/Fire      15%        2d7       36%         4


Dungeon Overview and Level Annotations

Branches:
Dungeon (2/15)

Altars:


Message History

There are monsters nearby!
There are monsters nearby!
Casting: Scorch (safe; 2% risk of failure)
Confirm with . or Enter, or press ? or * to list all spells.
You conjure some foxfire!
The gnoll barely misses you.
Casting: Foxfire (safe; 4% risk of failure)
Confirm with . or Enter, or press ? or * to list all spells.
Flames lash the gnoll.
The gnoll is moderately wounded.
The gnoll's fire resistance burns away.
The gnoll hits you from afar with a +0 halberd!
Ouch! That really hurt!
The foxfire hits the gnoll!
The gnoll is heavily wounded.
The gnoll throws a throwing net.
The throwing net barely misses you.
Casting: Scorch (safe; 2% risk of failure)
Confirm with . or Enter, or press ? or * to list all spells.
You conjure some foxfire!
The gnoll is no longer more vulnerable to fire.
Casting: Foxfire (safe; 4% risk of failure)
Confirm with . or Enter, or press ? or * to list all spells.
Flames lash the gnoll.
The gnoll is almost dead.
The gnoll's fire resistance burns away.
The foxfire hits the gnoll.
The gnoll is burned terribly!
You kill the gnoll!
The foxfire hits the gnoll.
The gnoll is heavily wounded.
Casting: Scorch (safe; 2% risk of failure)
Confirm with . or Enter, or press ? or * to list all spells.
You conjure some foxfire!
Casting: Foxfire (safe; 3% risk of failure)
Confirm with . or Enter, or press ? or * to list all spells.
You conjure some foxfire!
The foxfire hits the gnoll but does no damage.
The gnoll is heavily wounded.
The foxfire hits the gnoll but does no damage.
The gnoll is heavily wounded.
The gnoll hits you from afar with a +0 spear!
You die...

#.#.# #.#.# #.#.#
.######.#.#
........#'###
.##......g..#
.##.....g...## .
.......v.....+ ..
.##....§@...##...
#....§.v..'....
#...(.....##### .##.
######.#........
.....#<.....#.#######
#.....######...########
#..........+...........
#.######..##...########
#. ##.##...#


You could see 2 gnolls.

Vanquished Creatures
  A gnoll (D:2)
  2 dart slugs (D:1)
  2 endoplasms (D:1)
  7 goblins (D:1)
  4 hobgoblins
  2 kobolds (D:1)
  A quokka (D:1)
  3 ball pythons (D:1)
  A bat (D:1)
  2 frilled lizards
  A rat (D:1)
26 creatures vanquished.

Vanquished Creatures (others)
  63 foxfires
63 creatures vanquished.

Grand Total: 89 creatures vanquished

Notes
Turn   | Place    | Note
-------+----------+-------------------------------------------
     0 | D:1      | hawla the Deep Elf Fire Elementalist began the quest for
                  | the Orb.
     0 | D:1      | Reached XP level 1. HP: 10/10 MP: 6/6
    74 | D:1      | Reached XP level 2. HP: 15/15 MP: 1/8
    76 | D:1      | Reached skill level 4 in Fire Magic
   847 | D:1      | Reached XP level 3. HP: 19/19 MP: 7/9
   971 | D:2      | Learned a level 2 spell: Scorch
  1037 | D:2      | Slain by a gnoll

Illustrated notes

Levels and vault maps discovered:
D:1:      moated_graveyard_arrival, layout_loops_ring, minmay_tetromino_l4
D:2:      layout_basic, uniq_terence

Skill      XL: |  1  2 |
---------------+-------+-----
Fire Magic     | 4 |  4.9
Dodging        | |  2.4
Stealth        | |  2.4
Spellcasting   | |  3.0
Conjurations   | |  1.1

Action                     || total
---------------------------++-------
  Melee: Unarmed           ||     3
         Staff             ||     3
         Punch             ||     1
   Cast: Foxfire           ||    39
         Scorch            ||     3
   Stab: Sleeping          ||     1
 Armour: Robe              ||    12
  Dodge: Dodged            ||     7
